[Event "Kvibergspelen 2018"]
[Site "Prioritet Serneke Arena, Krutvagen 2, Gothenburg, Sweden"]
[Date "2018.04.20"]
[Round "1.1"]
[White "Hillarp Persson, Tiger"]
[Black "Berg, Roy"]
[Result "1-0"]
[TimeControl "15 minutes + 5 seconds per move from move one (Round 1 - 4) / 90 minutes + 30 seconds per move from move one (Round 5 - 8)"]
[WhiteTitle "GM"]
[WhiteFideId "1700812"]
[BlackFideId "1711458"]
[WhiteElo "2540"]
[BlackElo "1961"]

1. d4 d5 2. c4 c6 3. Nf3 Nf6 4. e3 a6 5. Nbd2 Bf5 6. Nh4 Bg6 7. Nxg6 hxg6 8. g3 e6 9. Bg2 Nbd7 10.
O-O Be7 11. e4 dxe4 12. Nxe4 Nxe4 13. Bxe4 Nf6 14. Bg2 O-O 15. Be3 Qc7 16. Qe2 Rad8 17. Rfd1 Rd7 18. Rab1 a5 19. h4 Rdd8 20.
Rbc1 Rfe8 21. a3 Bd6 22. Qf3 e5 23. c5 Bf8 24. dxe5 Rxd1+ 25. Rxd1 Qxe5 26. b4 axb4 27. axb4 Nd5 28.
Rxd5 cxd5 29. Qxd5 Qxd5 30. Bxd5 Re7 31. Kf1 Rd7 32. Bf3 Be7 33. Ke2 Kf8 34. b5 Rc7 35. c6 bxc6 36. Bxc6 Bd6 37.
Kd3 Ke7 38. Kc4 Be5 39. Kd5 f6 40. Bc5+ Kf7 41. Bd6 Rc8 42. Bxe5 fxe5 43. Kd6 Rd8+ 44. Kc7 Rd2 45. f3 Ke7 46.
b6 1-0

[Event "Kvibergspelen 2018"]
[Site "Prioritet Serneke Arena, Krutvagen 2, Gothenburg, Sweden"]
[Date "2018.04.20"]
[Round "1.2"]
[White "Bermann, Martin"]
[Black "Hector, Jonny"]
[Result "0-1"]
[TimeControl "15 minutes + 5 seconds per move from move one (Round 1 - 4) / 90 minutes + 30 seconds per move from move one (Round 5 - 8)"]
[BlackTitle "GM"]
[WhiteFideId "1731980"]
[BlackFideId "1700090"]
[WhiteElo "1955"]
[BlackElo "2502"]

1. e4 e5 2. Nf3 Nc6 3. d4 exd4 4.
Nxd4 Qf6 5. Nb5 Bc5 6. Qd2 Bb6 7. N1c3 Nge7 8. Qf4 Qxf4 9. Bxf4 d6 10. Bd3 a6 11. Na3 Nb4 12. Be2 Ng6 13.
Bg3 Bd4 14. Nd1 Nc6 15. c3 Be5 16. Bxe5 dxe5 17. O-O Nf4 18. Bf3 Be6 19. Ne3 O-O-O 20. Rfd1 Rxd1+ 21. Bxd1 Rd8 22. Bf3 b5 23.
b3 Rd2 24. Nac2 Nd3 25. Rd1 Rxd1+ 26. Nxd1 Nc1 27. Nce3 Nxa2 28. Nd5 b4 29. Be2 Kb7 30. Bc4 bxc3 31. N1xc3 Nxc3 32. Nxc3 Bxc4 33. bxc4 Na5 34. c5 Kc6 35. Nd5 Nb3 0-1

[Event "Kvibergspelen 2018"]
[Site "Prioritet Serneke Arena, Krutvagen 2, Gothenburg, Sweden"]
[Date "2018.04.20"]
[Round "1.3"]
[White "Blomqvist, Erik"]
[Black "Berntsson, Jonas"]
[Result "1-0"]
[TimeControl "15 minutes + 5 seconds per move from move one (Round 1 - 4) / 90 minutes + 30 seconds per move from move one (Round 5 - 8)"]
[WhiteTitle "GM"]
[WhiteFideId "1709437"]
[BlackFideId "1729470"]
[WhiteElo "2494"]
[BlackElo "1922"]

1. e4 e5 2. Nf3 Nc6 3. Bb5 Nf6 4. d3 Bc5 5. Bxc6 dxc6 6. Bg5 h6 7. Bh4 Qe7 8. Nbd2 Bg4 9. h3 Bh5 10. g4 Bg6 11. Nc4 Bd6 12. Bg3 O-O-O 13. Qe2 Nd7 14. Nh4 Bh7 15. Nf5 Bxf5 16. gxf5 g5 17. h4 f6 18. O-O-O Bc5 19. Rh2 Nb6 20. Nd2 Rh7 21. Rdh1 Rdh8 22.
Qh5 Qe8 23. Qxe8+ Rxe8 24. hxg5 fxg5 25.
Rxh6 1-0

[Event "Kvibergspelen 2018"]
[Site "Prioritet Serneke Arena, Krutvagen 2, Gothenburg, Sweden"]
[Date "2018.04.20"]
[Round "1.4"]
[White "Andersson, Kjell-Ake"]
[Black "Tikkanen, Hans"]
[Result "0-1"]
[TimeControl "15 minutes + 5 seconds per move from move one (Round 1 - 4) / 90 minutes + 30 seconds per move from move one (Round 5 - 8)"]
[BlackTitle "GM"]
[WhiteFideId "1713825"]
[BlackFideId "1706446"]
[WhiteElo "1921"]
[BlackElo "2486"]

1. Nf3 d5 2. d4 Nf6 3. c4 c6 4. cxd5 cxd5 5. Nc3 e6 6. Bf4 Qb6 7. Qc2 Nc6 8. e3 Bd7 9. Be2 Rc8 10.
O-O Be7 11. Rab1 O-O 12. Rfc1 Nh5 13. Ng5 Nf6 14. Be5 g6 15. Bg3 Na5 16. Nf3 Nc4 17. Bxc4 dxc4 18. Ne5 Be8 19. h3 Nd5 20.
Nxd5 exd5 21. Qe2 f6 22. Nf3 Bd7 23. Rd1 Bf5 24. Rbc1 Bd3 25. Qd2 Bb4 26. Rc3 Qa5 27. a3 Bxc3 28. Qxc3 Qxc3 29. bxc3 Rc6 30. Ne1 Bf5 0-1

[Event "Kvibergspelen 2018"]
[Site "Prioritet Serneke Arena, Krutvagen 2, Gothenburg, Sweden"]
[Date "2018.04.20"]
[Round "1.5"]
[White "Brynell, Stellan"]
[Black "Gonzalez, Emilio"]
[Result "1-0"]
[TimeControl "15 minutes + 5 seconds per move from move one (Round 1 - 4) / 90 minutes + 30 seconds per move from move one (Round 5 - 8)"]
[WhiteTitle "GM"]
[WhiteFideId "1700219"]
[BlackFideId "1721062"]
[WhiteElo "2420"]
[BlackElo "1921"]

1. d4 Nf6 2. Nf3 e6 3. c4 b6 4. g3 Bb7 5. Bg2 Bb4+ 6. Bd2 Be7 7. O-O O-O 8. Nc3 d6 9. Qc2 Nbd7 10.
e4 e5 11. d5 a5 12. b3 Nc5 13. Bh3 h6 14. Nh4 Nfd7 15. Nf5 Na6 16. a3 Ndc5 17. Rab1 Bc8 18. b4 axb4 19. axb4 Nd7 20.
Nb5 Nf6 21. Ra1 Bb7 22. Rfd1 c6 23. dxc6 Bxc6 24. f3 d5 25. exd5 Bxb5 26. cxb5 Nxb4 27. Bxb4 Bxb4 28. d6 Nd5 29.
Rxa8 Qxa8 30. Rxd5 Kh8 31. Qd1 Rd8 32. d7 Qa3 33. Rxe5 Bc5+ 34. Rxc5 Qxc5+ 35. Qd4 Qc1+ 36. Bf1 Qb1 37.
Qxg7 1-0

[Event "Kvibergspelen 2018"]
[Site "Prioritet Serneke Arena, Krutvagen 2, Gothenburg, Sweden"]
[Date "2018.04.20"]
[Round "1.6"]
[White "Rasti, Arvin"]
[Black "Lindberg, Bengt"]
[Result "1/2-1/2"]
[TimeControl "15 minutes + 5 seconds per move from move one (Round 1 - 4) / 90 minutes + 30 seconds per move from move one (Round 5 - 8)"]
[BlackTitle "IM"]
[WhiteFideId "1741160"]
[BlackFideId "1700359"]
[WhiteElo "1920"]
[BlackElo "2385"]

1. d4 Nf6 2. c4 e6 3. Nc3 Bb4 4. e3 O-O 5. Nf3 d5 6. Bd3 c5 7. O-O Nc6 8. a3 Bxc3 9. bxc3 b6 10.
Qe2 Na5 11. Ne5 Ba6 12. Bd2 dxc4 13. Nxc4 Nxc4 14. Bxc4 Bxc4 15. Qxc4 Rc8 16. Qe2 Qd7 17. Rfc1 Rfd8 18. Be1 Qa4 19.
Qb2 Ne4 20. f3 Nd6 21. Bf2 Nc4 22. Qc2 Qxc2 23. Rxc2 e5 24. Kf1 f6 25. a4 Na5 26. Rac1 Kf7 27.
g4 Rd7 28. Kg2 Rcd8 29. Rd1 exd4 30.
exd4 cxd4 31. Rxd4 Nc6 32. Rxd7+ Rxd7 33. c4 Nb4 34. Rb2 Nd3 35. Rb3 g5 36. a5 bxa5 37. Ra3 Nf4+ 38. Kg3 h5 39. gxh5 Nxh5+ 40. Kg4 Kg6 41.
Rxa5 f5+ 42. Kh3 Rd3 43. Ra6+ Nf6 44. Kg2 1/2-1/2

[Event "Kvibergspelen 2018"]
[Site "Prioritet Serneke Arena, Krutvagen 2, Gothenburg, Sweden"]
[Date "2018.04.20"]
[Round "1.7"]
[White "Ernst, Thomas"]
[Black "Wellevit, Tomas"]
[Result "1-0"]
[TimeControl "15 minutes + 5 seconds per move from move one (Round 1 - 4) / 90 minutes + 30 seconds per move from move one (Round 5 - 8)"]
[WhiteTitle "GM"]
[WhiteFideId "1700065"]
[BlackFideId "1731963"]
[WhiteElo "2366"]
[BlackElo "1918"]

1. e4 e6 2. d4 d5 3. Nc3 Nf6 4. Bg5 Be7 5. e5 Nfd7 6. Bxe7 Qxe7 7. f4 Qh4+ 8. g3 Qe7 9. Nf3 a6 10. Qd2 b5 11. Bd3 c5 12. dxc5 Nxc5 13. Nd4 O-O 14. O-O-O Bb7 15.
Kb1 Nbd7 16. Rhe1 Nxd3 17. cxd3 Qb4 18. Nce2 Qc5 19. Rc1 Qb6 20. Qb4 Rfc8 21. Rxc8+ Rxc8 22. Rc1 Rxc1+ 23. Kxc1 h5 24. Qe7 Qc5+ 25. Qxc5 Nxc5 26. Kd2 b4 27. a3 bxa3 28.
bxa3 Kf8 29. Nc1 Ke7 30. Ncb3 Na4 31. Nc2 Kd7 32. Ke3 Bc6 33. Kd4 Bb5 34. Nb4 f6 35. Nc5+ Nxc5 36. Kxc5 Kc7 37.
d4 fxe5 38. fxe5 g6 39. h4 Ba4 40. Nxa6+ Kb7 41. Nb4 Kc7 42. Nd3 Bc2 43. Nf4 1-0

[Event "Kvibergspelen 2018"]
[Site "Prioritet Serneke Arena, Krutvagen 2, Gothenburg, Sweden"]
[Date "2018.04.20"]
[Round "1.8"]
[White "Fang, Andy"]
[Black "Arman, Deniz"]
[Result "1-0"]
[TimeControl "15 minutes + 5 seconds per move from move one (Round 1 - 4) / 90 minutes + 30 seconds per move from move one (Round 5 - 8)"]
[BlackTitle "FM"]
[WhiteFideId "1724630"]
[BlackFideId "6302106"]
[WhiteElo "1913"]
[BlackElo "2359"]

1. c4 Nf6 2. g3 e5 3. Bg2 c6 4. d4 d6 5. Nc3 Nbd7 6. e3 Be7 7. Nge2 O-O 8. O-O a6 9. b3 Re8 10.
Bb2 Bf8 11. Qc2 Qc7 12. Rad1 b6 13. dxe5 dxe5 14. Ne4 Bb7 15. N2c3 h6 16. a3 b5 17. c5 Rad8 18. b4 a5 19.
Nd6 Bxd6 20. Rxd6 axb4 21. axb4 Nf8 22. Rfd1 Ra8 23. Qf5 Re6 24. Ne4 Nd5 25. Rxe6 Nxe6 26. Bxe5 Qe7 27. Nd6 g6 28.
Qg4 h5 29. Qe4 Ra4 30. Bd4 Rxb4 31. Nxb7 Qxb7 32. Qe5 Nxd4 33. Bxd5 Ne2+ 34. Kf1 cxd5 35. Kxe2 d4 36. Rxd4 Rb2+ 37. Rd2 Rxd2+ 38. Kxd2 b4 39. Qe8+ Kh7 40. c6 Qa7 41. Qd7 Qa2+ 42. Kd3 Qb3+ 43. Kd4 Qc3+ 44. Kd5 Qd2+ 45.
Kc5 Qxf2 46. c7 Qxe3+ 47. Kc6 Qe4+ 48. Kb6 Qe3+ 49. Kb7 Qf3+ 50. Kb8 b3 51. c8=Q b2 52. Qcb7 b1=Q 53. Qxb1 Qf2 54. Qbb7 Kg7 55. Qdc7 Qf5 56. Qb2+ Kh7 57. Qce5 1-0

[Event "Kvibergspelen 2018"]
[Site "Prioritet Serneke Arena, Krutvagen 2, Gothenburg, Sweden"]
[Date "2018.04.20"]
[Round "1.9"]
[White "Rydstrom, Tom"]
[Black "Torngren, Gustav"]
[Result "0-1"]
[TimeControl "15 minutes + 5 seconds per move from move one (Round 1 - 4) / 90 minutes + 30 seconds per move from move one (Round 5 - 8)"]
[WhiteTitle "FM"]
[WhiteFideId "1714830"]
[BlackFideId "1728970"]
[WhiteElo "2357"]
[BlackElo "1906"]

1. d4 Nf6 2. Nc3 c5 3. d5 e6 4. e4 exd5 5. exd5 d6 6. Nf3 Bg4 7. h3 Bxf3 8.
Qxf3 Nbd7 9. Bf4 Be7 10. Be2 a6 11. a4 O-O 12. O-O Re8 13. Rfe1 Nf8 14. Bc4 Ng6 15. Bh2 Nd7 16. Qh5 Nge5 17.
Bf1 Nf6 18. Qd1 Ng6 19. f4 Bf8 20. Qf3 Qb6 21. Kh1 Qc7 22. g4 Nd7 23. g5 f6 24. Bd3 Ne7 25. gxf6 Nxf6 26. Rg1 Qd7 27. Rg5 h6 28. Rg2 Nf5 29.
Bxf5 Qxf5 30. Rag1 Re7 31. Rd2 Rae8 32. Rgg2 Re1 33. Bg1 R8e3 34. Qf2 Rxh3 35. Rh2 Rxh2 36. Qxh2 Rf1 37. Rf2 Ng4 38. Rxf1 Nxh2 39. Bxh2 Qxc2 40. f5 Qxb2 41. Ne4 Qe2 42. Ng3 Qc4 43. Rd1 Qxa4 44. Rd2 b5 45. f6 gxf6 46. Rg2 Kf7 0-1

[Event "Kvibergspelen 2018"]
[Site "Prioritet Serneke Arena, Krutvagen 2, Gothenburg, Sweden"]
[Date "2018.04.20"]
[Round "1.10"]
[White "Kenani, Dariush"]
[Black "Bellon Lopez, Juan"]
[Result "1/2-1/2"]
[TimeControl "15 minutes + 5 seconds per move from move one (Round 1 - 4) / 90 minutes + 30 seconds per move from move one (Round 5 - 8)"]
[BlackTitle "GM"]
[WhiteFideId "1707973"]
[BlackFideId "2200031"]
[WhiteElo "1898"]
[BlackElo "2352"]

1. e4 c5 2. Nf3 e6 3. d4 cxd4 4.
c3 d3 5.
Bxd3 Nc6 6. O-O d6 7. Qc2 g6 8. Bf4 Bg7 9. Nbd2 e5 10. Bg3 Nf6 11. h3 O-O 12. Rad1 Qc7 13. Rfe1 a6 14.
Nf1 Be6 15. Qb1 Nh5 16. Bh2 Nf4 17. Bxf4 exf4 18. Bc2 Rad8 19. Rd2 d5 20. Red1 dxe4 21. Bxe4 h6 22. Bd5 Bf5 23. Qc1 g5 24.
Bxc6 Rxd2 25. Rxd2 Qxc6 26. Nd4 Qg6 27. Nxf5 Qxf5 28. Qd1 Qe6 29. Qb3 Qxb3 30. axb3 Re8 31. f3 Re1 32. Kf2 Rb1 33. Rc2 a5 34.
Nd2 Ra1 35. Nc4 a4 36. b4 Kf8 37. Na3 Bf6 38. Ke2 h5 39. Kd3 Re1 40. Kc4 Re5 41. Rd2 Be7 42. Nb5 g4 43. hxg4 hxg4 44. Nd4 g3 45. Re2 b5+ 46.
Kd3 Rh5 47. Ke4 Bd6 48. Nf5 Bc7 49. Rd2 Rh1 50. Nd4 Rh5 51. Nf5 Rh1 52. Rd7 Re1+ 1/2-1/2

[Event "Kvibergspelen 2018"]
[Site "Prioritet Serneke Arena, Krutvagen 2, Gothenburg, Sweden"]
[Date "2018.04.20"]
[Round "1.11"]
[White "Seo, Jung Min"]
[Black "Wernberg, Hugo"]
[Result "1-0"]
[TimeControl "15 minutes + 5 seconds per move from move one (Round 1 - 4) / 90 minutes + 30 seconds per move from move one (Round 5 - 8)"]
[WhiteTitle "FM"]
[WhiteFideId "1734687"]
[BlackFideId "1737511"]
[WhiteElo "2349"]
[BlackElo "1898"]

1. d4 d5 2. c4 e6 3. Nc3 Nf6 4. Bg5 Be7 5. e3 O-O 6.
Nf3 c6 7. Bd3 h6 8. Bxf6 Bxf6 9. O-O Nd7 10. Qe2 Re8 11. Rad1 b6 12. e4 dxc4 13. Bxc4 Bb7 14. Rfe1 b5 15.
Bd3 Nb6 16. e5 Be7 17. Qe4 g6 18. Qg4 Kh7 19. h4 Rg8 20. h5 Bc8 21. g3 Nc4 22. Re2 a6 23. Kg2 Qd7 24. Rh1 Bf8 25.
Ne4 Be7 26. hxg6 fxg6 27. Nf6 Bxf6 28. exf6 Qd5 29. Bxc4 bxc4 30. Re5 Qd7 1-0

[Event "Kvibergspelen 2018"]
[Site "Prioritet Serneke Arena, Krutvagen 2, Gothenburg, Sweden"]
[Date "2018.04.20"]
[Round "1.12"]
[White "Westerlund, Ola"]
[Black "Al Hadarani, Hatim"]
[Result "0-1"]
[TimeControl "15 minutes + 5 seconds per move from move one (Round 1 - 4) / 90 minutes + 30 seconds per move from move one (Round 5 - 8)"]
[BlackTitle "FM"]
[WhiteFideId "1712101"]
[BlackFideId "9400273"]
[WhiteElo "1891"]
[BlackElo "2334"]

1. d4 Nf6 2. c4 c5 3. d5 e5 4. Nc3 d6 5. e4 Be7 6. g3 h5 7. h4 Na6 8. Qc2 Bd7 9. Bh3 Nc7 10. a4 Rb8 11. Bd2 b6 12.
Nb5 Rb7 13. f3 a6 14. Nxc7+ Qxc7 15. Bxd7+ Qxd7 16. Ne2 O-O 17. Kf2 b5 18. axb5 axb5 19. b3 Rfb8 20. Ra2 Ne8 21. Kg2 Nc7 22.
Rha1 Rf8 23. Nc3 b4 24. Nd1 g6 25. Ne3 Ne8 26. Ra8 Ng7 27. Qa2 f5 28. Rxf8+ Bxf8 29. Qa4 Qe7 30. Qc6 f4 31. Nf1 Rc7 32. Qb6 Rb7 33. Qc6 Ra7 34. Rxa7 Qxa7 35. Qd7 0-1

[Event "Kvibergspelen 2018"]
[Site "Prioritet Serneke Arena, Krutvagen 2, Gothenburg, Sweden"]
[Date "2018.04.20"]
[Round "1.13"]
[White "Storme, Isak"]
[Black "Stein Holst, Peter"]
[Result "1/2-1/2"]
[TimeControl "15 minutes + 5 seconds per move from move one (Round 1 - 4) / 90 minutes + 30 seconds per move from move one (Round 5 - 8)"]
[WhiteTitle "CM"]
[WhiteFideId "1728113"]
[BlackFideId "1408089"]
[WhiteElo "2323"]
[BlackElo "1888"]

1. e4 c5 2. Nf3 g6 3. d4 cxd4 4. Nxd4 Nc6 5. c4 Bg7 6. Be3 Nf6 7. Nc3 O-O 8. Be2 d6 9. O-O Nxd4 10.
Bxd4 Bd7 11. Bd3 Ng4 12. Bxg7 Kxg7 13. Qe2 Ne5 14. Bc2 Rc8 15. b3 Nc6 16. Qe3 a6 17. Rad1 Be6 18. f4 Qa5 19.
f5 Bd7 20. f6+ exf6 21. Nd5 Bg4 22. Rd2 Qc5 23. Qxc5 dxc5 24. Nxf6 Be6 25. Nd7 Rfd8 26. Rfd1 Bg4 27. Nxc5 Bxd1 28.
Rxd1 Rxd1+ 29. Bxd1 Rc7 30. Na4 Rd7 31. Bf3 Rd2 32. Nc5 Rxa2 33. Nxb7 Ne5 34. Nc5 Ra5 35. Nb7 Ra3 36. Nc5 Ra5 37.
Nb7 Ra3 38. Nc5 1/2-1/2

[Event "Kvibergspelen 2018"]
[Site "Prioritet Serneke Arena, Krutvagen 2, Gothenburg, Sweden"]
[Date "2018.04.20"]
[Round "1.14"]
[White "Olofsson, Hans-Erik"]
[Black "Pantzar, Milton"]
[Result "0-1"]
[TimeControl "15 minutes + 5 seconds per move from move one (Round 1 - 4) / 90 minutes + 30 seconds per move from move one (Round 5 - 8)"]
[BlackTitle "FM"]
[WhiteFideId "1716212"]
[BlackFideId "1721003"]
[WhiteElo "1885"]
[BlackElo "2295"]

1. e4 b6 2. d4 Bb7 3. c4 Bxe4 4. Nc3 Bg6 5. Nf3 e6 6. Be2 Nf6 7. O-O d6 8. Re1 Be7 9. a3 O-O 10. b4 c5 11. d5 e5 12. Nh4 Ne4 13. Nxe4 Bxh4 14. Ng3 Nd7 15. Bd3 f5 16. Bc2 Rc8 17. b5 e4 18. Bb2 Bf6 19. Qb1 Bxb2 20. Qxb2 Ne5 21. Qb3 Qh4 22. Ra2 Rce8 23. Bb1 Ng4 24. h3 e3 25. fxe3 Qxg3 0-1

[Event "Kvibergspelen 2018"]
[Site "Prioritet Serneke Arena, Krutvagen 2, Gothenburg, Sweden"]
[Date "2018.04.20"]
[Round "1.15"]
[White "Degerfeldt, Sven"]
[Black "Sorensen, Hampus"]
[Result "0-1"]
[TimeControl "15 minutes + 5 seconds per move from move one (Round 1 - 4) / 90 minutes + 30 seconds per move from move one (Round 5 - 8)"]
[WhiteFideId "1717430"]
[BlackFideId "8703884"]
[WhiteElo "1881"]
[BlackElo "2243"]

1. d4 d5 2. Nf3 Nf6 3. c4 c6 4. e3 e6 5. a3 Nbd7 6. Nc3 Bd6 7. b3 O-O 8. Bb2 b6 9. Bd3 Bb7 10.
O-O Qe7 11. Qe2 e5 12. dxe5 Nxe5 13. Nxe5 Qxe5 14. g3 Qe6 15. cxd5 cxd5 16. Nb5 Be5 17. Nd4 Qd7 18. Bf5 Qe7 19.
Rac1 g6 20. Bd3 Rac8 21. b4 Ne4 22. f4 Bh8 23. Qg2 Nd6 24. Rfe1 Nc4 25. Qe2 Nxb2 26. Qxb2 Rxc1 27. Qxc1 Rc8 28.
Qd2 Bf6 29. Rc1 Re8 30. Kf2 Kg7 31. Nc6 Qd7 32. b5 h5 33. f5 Bg5 34. Re1 Kh7 35. fxg6 fxg6 36. Qc2 Qf7+ 37. Kg2 Bxe3 38.
Rf1 Qg7 39. Bxg6 Qxg6 40. Rf7 Kh6 41.
Rxb7 Qxc2+ 0-1

[Event "Kvibergspelen 2018"]
[Site "Prioritet Serneke Arena, Krutvagen 2, Gothenburg, Sweden"]
[Date "2018.04.20"]
[Round "1.16"]
[White "Kucuksari, Kaan"]
[Black "Hattab, Hashim"]
[Result "1-0"]
[TimeControl "15 minutes + 5 seconds per move from move one (Round 1 - 4) / 90 minutes + 30 seconds per move from move one (Round 5 - 8)"]
[WhiteTitle "FM"]
[WhiteFideId "6380166"]
[BlackFideId "1721798"]
[WhiteElo "2251"]
[BlackElo "1883"]

1. d4 Nf6 2. Nf3 g6 3. c4 Bg7 4. Nc3 O-O 5. e4 d6 6. h3 e5 7. d5 a5 8. Bg5 Bd7 9. Be2 Na6 10.
Nd2 Qc8 11. a3 h6 12. Be3 Nh7 13. g4 b6 14. Qc2 Nc5 15. O-O-O a4 16. Rdg1 Re8 17. h4 Re7 18. Kb1 Qe8 19.
Nf1 Nb3 20. Ng3 Nd4 21. Qd2 Qf8 22. Rg2 Ree8 23. Rhg1 Kh8 24. Bd1 Reb8 25. g5 h5 26. f4 Nb3 27. Bxb3 exf4 28. Bxf4 axb3 29.
Be3 Ra5 30. Bd4 Be5 31. Rf1 Qg7 32. Bxe5 dxe5 33. Rgf2 Be8 34. Qd1 Qf8 35. Nxh5 gxh5 36. g6 Rxa3 37. bxa3 Qxa3 38. Qxh5 1-0

[Event "Kvibergspelen 2018"]
[Site "Prioritet Serneke Arena, Krutvagen 2, Gothenburg, Sweden"]
[Date "2018.04.20"]
[Round "1.17"]
[White "Naslund, Mikael"]
[Black "Jonsson, Jacob"]
[Result "1-0"]
[TimeControl "15 minutes + 5 seconds per move from move one (Round 1 - 4) / 90 minutes + 30 seconds per move from move one (Round 5 - 8)"]
[WhiteTitle "FM"]
[WhiteFideId "1708260"]
[BlackFideId "1726315"]
[WhiteElo "2224"]
[BlackElo "1871"]

1. d4 Nf6 2. c4 e6 3. Nf3 d5 4. Nc3 Be7 5. Bg5 O-O 6. e3 b6 7. cxd5 Nxd5 8.
Bxe7 Nxe7 9. Bc4 Bb7 10. O-O Nd7 11. Qe2 c5 12. Rfd1 cxd4 13. Nxd4 Nd5 14. Nxd5 Bxd5 15. Bxd5 exd5 16.
Rac1 Ne5 17. h3 Qd7 18. Rc2 Rac8 19. Rdc1 Rc4 20. b3 Rxc2 21. Qxc2 Rd8 22. Qc7 g6 23. Qxe5 Rc8 24. Rxc8+ Qxc8 25.
Qxd5 Qc1+ 26. Kh2 Qb2 27. Qa8+ Kg7 28. Qxa7 Qxf2 29. Qxb6 Qxa2 30. Qd6 Qa5 31. Nf3 Kg8 32. Qb8+ Kg7 33.
Qe5+ Qxe5 34. Nxe5 Kf6 35. Nf3 Ke7 36. Kg3 f6 37. Kf4 Kd6 38. Ke4 Kc5 39. Nd4 Kd6 40. b4 h6 41. b5 Kc5 42. g4 Kd6 43. b6 h5 44.
gxh5 gxh5 45. Kf5 1-0

[Event "Kvibergspelen 2018"]
[Site "Prioritet Serneke Arena, Krutvagen 2, Gothenburg, Sweden"]
[Date "2018.04.20"]
[Round "1.18"]
[White "Andersson, Stig"]
[Black "Nilsson, Anders"]
[Result "0-1"]
[TimeControl "15 minutes + 5 seconds per move from move one (Round 1 - 4) / 90 minutes + 30 seconds per move from move one (Round 5 - 8)"]
[BlackTitle "CM"]
[WhiteFideId "1731971"]
[BlackFideId "1705423"]
[WhiteElo "1865"]
[BlackElo "2217"]

1. d4 e6 2. e3 Nf6 3. Nf3 b6 4. Bd3 Bb7 5. Nbd2 Be7 6. O-O c5 7. c3 O-O 8. Qc2 Ba6 9. c4 Nc6 10.
a3 Rc8 11. d5 Na5 12. e4 exd5 13. exd5 d6 14. b3 g6 15. b4 cxb4 16. axb4 Nxc4 17. Bxc4 Bxc4 18. Nxc4 b5 19. Rxa7 Rxc4 20.
Qd3 Nd7 21. Nd4 Ne5 22. Qd2 Qb6 23. Nxb5 Qxb5 24. Rxe7 Rxb4 25. Ba3 Rb1 26. Rd1 Nc4 27. Rxb1 Qxb1+ 28. Re1 Nxd2 29. Rxb1 Nxb1 0-1

[Event "Kvibergspelen 2018"]
[Site "Prioritet Serneke Arena, Krutvagen 2, Gothenburg, Sweden"]
[Date "2018.04.20"]
[Round "1.19"]
[White "Johansson, Gunnar"]
[Black "Ytterberg, Felix"]
[Result "1-0"]
[TimeControl "15 minutes + 5 seconds per move from move one (Round 1 - 4) / 90 minutes + 30 seconds per move from move one (Round 5 - 8)"]
[WhiteFideId "1703501"]
[BlackFideId "1740687"]
[WhiteElo "2212"]
[BlackElo "1864"]

1. d4 Nf6 2. c4 e6 3. Nf3 d5 4. Nc3 dxc4 5. e4 Bb4 6. Bg5 h6 7. Bxf6 Qxf6 8. Bxc4 c5 9. O-O cxd4 10. Nb5 Qd8 11. Qa4 Nc6 12.
Nbxd4 Qa5 13. Bb5 Qxa4 14. Bxa4 Bd7 15. Nxc6 Bxc6 16. Bxc6+ bxc6 17. Rac1 Rc8 18. Rc4 Bd6 19. Rfc1 Kd7 20.
Nd4 c5 21. Nb3 Rb8 22. Nxc5+ Bxc5 23. Rxc5 Rb7 24. b3 Rhb8 25. Kf1 Kd6 26. Ke2 f6 27. Ke3 Rb6 28. f4 R8b7 29. e5+ fxe5 30. Rxe5 Rb5 31. Rd1+ Rd5 32.
Rd4 g5 33. Rexd5+ exd5 34. Ra4 gxf4+ 35. Rxf4 Ke5 36. Rh4 Rb6 37. Rh5+ Ke6 38. Rxh6+ Ke5 39. Rxb6 axb6 40. a4 d4+ 41. Kd3 Kd5 42. b4 Ke5 43. a5 bxa5 44. bxa5 Kd5 45. a6 Kc6 46. Kxd4 Kb6 47. h4 Kxa6 48. h5 Kb6 49. Ke5 Kc6 50. h6 Kd7 51. Kf6 Ke8 52. h7 1-0

[Event "Kvibergspelen 2018"]
[Site "Prioritet Serneke Arena, Krutvagen 2, Gothenburg, Sweden"]
[Date "2018.04.20"]
[Round "1.20"]
[White "Muntean, Victor"]
[Black "Ronneland, Daniel"]
[Result "0-1"]
[TimeControl "15 minutes + 5 seconds per move from move one (Round 1 - 4) / 90 minutes + 30 seconds per move from move one (Round 5 - 8)"]
[WhiteFideId "1054414"]
[BlackFideId "1702130"]
[WhiteElo "1846"]
[BlackElo "2201"]

1. e4 e5 2. Nf3 Nc6 3. d4 exd4 4. Bc4 Nf6 5. Ng5 d5 6. exd5 Ne5 7. Qxd4 Nxc4 8. Qxc4 h6 9. Ne4 Nxd5 10. O-O c6 11. Re1 Be6 12. Nbc3 Qb6 13. Na4 Qb4 14. Qxb4 Nxb4 15. Re2 O-O-O 16. Be3 Bc4 17. Rd2 Rxd2 18. Nxd2 Nxc2 19. Bxa7 Nxa1 20. Nb6+ Kc7 21. Nbxc4 Bb4 22. Bb6+ Kc8 23. Ne4 Nc2 24. Ncd6+ Bxd6 25. Nxd6+ Kb8 26. Nxf7 Re8 27. Ba5 0-1

[Event "Kvibergspelen 2018"]
[Site "Prioritet Serneke Arena, Krutvagen 2, Gothenburg, Sweden"]
[Date "2018.04.20"]
[Round "2.1"]
[White "Gutzmann, Tobias"]
[Black "Hillarp Persson, Tiger"]
[Result "0-1"]
[TimeControl "15 minutes + 5 seconds per move from move one (Round 1 - 4) / 90 minutes + 30 seconds per move from move one (Round 5 - 8)"]
[BlackTitle "GM"]
[WhiteFideId "4686250"]
[BlackFideId "1700812"]
[WhiteElo "2063"]
[BlackElo "2540"]

1. e4 g6 2. d4 Bg7 3. c4 d6 4. Nc3 Nf6 5. f3 O-O 6. Be3 a6 7. Nge2 Nbd7 8. Qd2 b5 9. cxb5 axb5 10.
Nxb5 c6 11. Na3 e5 12. Bh6 Nxe4 13. fxe4 Qh4+ 14. g3 Qxh6 15. Qxh6 Bxh6 16. Nc4 exd4 17. Nxd4 d5 18. Nd6 Ne5 19.
exd5 cxd5 20. Nxc8 Rfxc8 21. Be2 Ra4 22. Nf3 Re4 23. Nxe5 Rc2 24. Ng4 Rexe2+ 25. Kf1 Bg7 26. Re1 0-1

[Event "Kvibergspelen 2018"]
[Site "Prioritet Serneke Arena, Krutvagen 2, Gothenburg, Sweden"]
[Date "2018.04.20"]
[Round "2.2"]
[White "Hector, Jonny"]
[Black "Unander, Matts"]
[Result "1-0"]
[TimeControl "15 minutes + 5 seconds per move from move one (Round 1 - 4) / 90 minutes + 30 seconds per move from move one (Round 5 - 8)"]
[WhiteTitle "GM"]
[WhiteFideId "1700090"]
[BlackFideId "1701541"]
[WhiteElo "2502"]
[BlackElo "2057"]

1. e4 c5 2. Nf3 e6 3. d4 cxd4 4. Nxd4 Nc6 5. Nc3 a6 6. Nxc6 bxc6 7. Bd3 d5 8. Qe2 Nf6 9. O-O Be7 10.
b3 d4 11. Na4 e5 12. c3 O-O 13. cxd4 Qxd4 14. Bb2 Qd6 15. f4 Nd7 16. Bc4 Bf6 17. Rad1 Qc7 18. Ba3 Re8 19. Bxf7+ 1-0